 Dungeon Crawl Stone Soup version 0.30-b1-2-g02819fbbbe (webtiles) character file.

Game seed: 14714559333847383423

214 sanka the Ducker (level 5, 0/32 HPs)
             Began as a Deep Elf Artificer on May 11, 2023.
             Slain by a river rat (7 damage)
             ... in a sewer.
             The game lasted 00:07:14 (2683 turns).

sanka the Ducker (Deep Elf Artificer)               Turns: 2683, Time: 00:07:14

Health: 0/32       AC:  5    Str:  9    XL:     5   Next: 60%
Magic:  7/7        EV: 13    Int: 18    God:
Gold:   75         SH:  0    Dex: 15    Spells: 4/4 levels left

rFire   . . .        w - +0 dagger (venom)
rCold   . . .        (no shield)
rNeg    + . .        o - +2 leather armour {rPois}
rPois   +            (no helmet)
rElec   .            (no cloak)
rCorr   .            (no gloves)
SInv    .            (no boots)
Will    .....        (no amulet)
Stlth   ++           r - ring of positive energy
HPRegen 0.25/turn    (no ring)
MPRegen 0.10/turn

%: no passive effects
@: no status effects
A: no striking features
a: no special abilities


You were in a sewer.
You visited 1 branch of the dungeon, and saw 3 of its levels.
You also visited: Sewer.

You collected 75 gold pieces.

Inventory:

Hand Weapons
 b - a +2 vampiric short sword
 h - a +0 short sword
 l - a +0 spear
 w - a +0 dagger of venom (weapon)
Armour
 o - a +2 leather armour of poison resistance (worn)
 t - a +0 helmet
Jewellery
 r - a ring of positive energy (left hand)
Wands
 c - a wand of flame (8) (quivered)
 d - a wand of charming (11)
 e - a wand of iceblast (4)
 u - a wand of light (5)
Scrolls
 f - 7 scrolls of identify {unknown}
 g - 2 scrolls of fog {unknown}
 i - 2 scrolls of noise {unknown}
 k - a scroll of silence {unknown}
 m - a scroll of poison {unknown}
 p - a scroll of enchant weapon {unknown}
 v - a scroll of magic mapping {unknown}
 x - a scroll of fear {unknown}
 y - a scroll of immolation {unknown}
 z - a scroll of blinking {unknown}
Potions
 a - a potion of haste {unknown}
 j - 2 potions of curing {unknown}
 n - a potion of brilliance {unknown}
 q - a potion of cancellation {unknown}
 s - a potion of flight {unknown}


   Skills:
 + Level 3.0 Fighting
 - Level 0.7 Armour
 + Level 5.0 Dodging
 - Level 1.2 Stealth
 - Level 4.0 Evocations


You had 4 spell levels left.
You didn't know any spells.
Your spell library was empty.

Dungeon Overview and Level Annotations

Branches:
Dungeon (3/15)              Sewer (1/1)

Altars:

Shops:
D:2 (


Message History

You hit the river rat but do no damage.
The river rat is poisoned.
The river rat closely misses you. x2
You closely miss the river rat.
The river rat is lightly wounded.
The river rat bites you but does no damage.
The river rat barely misses you.
You barely miss the river rat.
The river rat is lightly wounded.
The river rat bites you. x2
You hit the river rat.
The river rat looks as sick as possible!
The river rat is moderately wounded.
The river rat closely misses you. The river rat bites you.
The river rat bites you but does no damage.
You hit the river rat but do no damage.
The river rat looks as sick as possible!
The river rat is severely wounded.
The river rat bites you! x2
* * * LOW HITPOINT WARNING * * *
The river rat closely misses you.
Unknown command.
The river rat attacks as you move away! The river rat barely misses you.
The river rat completely misses you.
You kill the river rat!
There is a large open door here.
Aiming: Charm
Press: ? - help, Shift-Dir - straight line, f - river rat
Aim: a river rat (chance to affect: 67%)
The river rat is charmed.
You hit the river rat but do no damage.
The river rat is poisoned.
Your river rat closely misses the river rat.
The river rat barely misses you.
You hit the river rat but do no damage.
Your river rat barely misses the river rat.
The river rat bites you.
* * * LOW HITPOINT WARNING * * *
You hit the river rat.
The river rat is lightly wounded.
Your river rat bites the river rat.
The river rat bites you!
You die...

+..+ #~≈.# #..#
#~≈~# #..# #~≈~#
#..# #~≈~#
###..####~≈~#
#.#..#.##~≈~#
#.'..'.##~≈.#
#.'..rr##~≈.# #~
#.#..#@##~≈~# #~
###..####~≈.# #~≈
#~~# #~≈~# #~≈~
#~~# #.≈~#
##~≈~####~~####~≈.#
~.~~~~~~~~~~~~~~≈~#
≈≈≈≈≈≈≈≈≈††≈≈≈≈≈≈~#
~.~.~~..~..~.~~~~~#
###############≈≈≈#


You could see a river rat (very poisoned, ally target) and a friendly river rat
(charmed).

Vanquished Creatures
  Robin (D:2)
  7 adders
  2 river rats (Sewer)
  8 worms
  6 bats
  4 endoplasms
  8 giant cockroaches
  8 hobgoblins
  A jackal (Sewer)
  6 quokkas
  7 ball pythons
  2 frilled lizards
  15 goblins
  6 kobolds
  7 rats
88 creatures vanquished.

Vanquished Creatures (collateral kills)
  An adder (Sewer)
  A worm (D:3)
2 creatures vanquished.

Vanquished Creatures (others)
  A river rat (D:3)
1 creature vanquished.

Grand Total: 91 creatures vanquished

Notes
Turn   | Place    | Note
-------+----------+-------------------------------------------
     0 | D:1      | sanka the Deep Elf Artificer began the quest for the Orb.
     0 | D:1      | Reached XP level 1. HP: 11/11 MP: 3/3
   296 | D:1      | Reached XP level 2. HP: 13/16 MP: 4/4
   430 | D:1      | Reached skill level 1 in Fighting
   928 | D:1      | Reached skill level 3 in Dodging
   964 | D:1      | Reached XP level 3. HP: 20/20 MP: 5/5
  1241 | D:2      | Found Cururgh's Weapon Shop.
  1329 | D:2      | Reached XP level 4. HP: 26/26 MP: 6/6
  1329 | D:2      | Noticed Robin
  1338 | D:2      | Killed Robin
  1386 | D:2      | Reached skill level 4 in Dodging
  2234 | D:3      | Reached XP level 5. HP: 30/31 MP: 7/7
  2266 | D:3      | Found a glowing drain.
  2293 | Sewer    | Entered a sewer
  2656 | Sewer    | Reached skill level 5 in Dodging
  2683 | Sewer    | Slain by a river rat

Illustrated notes

Levels and vault maps discovered:
D:1:      dpeg_arrival_water_temple_mockup, layout_basic
D:2:      layout_basic, serial_shops, nicolae_shop_bloodbath_and_beyond,
          uniq_robin
D:3:      layout_loops_corners, hellmonk_ecumenical_altar_prayer_group,
          lightli_sewer_entry_pipes, uniq_sigmund, uniq_grinder
Sewer:    sewer_fruit_machine

Skill      XL: |  1  2  3  4  5 |
---------------+----------------+-----
Evocations     | 4 |  4.0
Fighting       | 1 2 3 |  3.0
Dodging        | 3 4 5 |  5.0
Armour         | |  0.7
Stealth        | |  1.2

Action                     |  1- 3 |  4- 6 || total
---------------------------+-------+-------++-------
  Melee: Short sword       |   155 |    63 ||   218
         Club              |     3 |       ||     3
         Punch             |     2 |     3 ||     5
         Dagger            |       |   154 ||   154
  Evoke: Wand              |     7 |     5 ||    12
   Stab: Distracted        |     1 |       ||     1
         Sleeping          |     1 |       ||     1
 Armour: Leather armour    |    35 |    62 ||    97
  Dodge: Dodged            |    75 |   143 ||   218
